 Dungeon Crawl Stone Soup version 0.18-a0-1418-ga86aa8f (webtiles) character file.

1604 Duffy the Cleaver (level 9, 0/64 (66) HPs)
             Began as a Formicid Gladiator on Feb 26, 2016.
             Slain by a wyvern (2 damage)
             ... on level 7 of the Dungeon.
             The game lasted 00:05:55 (5862 turns).

Duffy the Cleaver (Formicid Gladiator)              Turns: 5862, Time: 00:05:56

HP:   0/64 (66)     AC: 16    Str: 20    XL:     9   Next: 16%
MP:   9/9           EV:  7    Int:  8    God:
Gold: 215           SH:  0    Dex: 14    Spells: 0 memorised, 8 levels left

rFire  . . .     SeeInvis +     a - +0 war axe
rCold  . . .     Gourm    .     y - +0 plate armour
rNeg   . . .     Faith    .     (no shield)
rPois  .         Spirit   .     (helmet unavailable)
rElec  .         Dismiss  .     A - +1 cloak
rCorr  .         Reflect  .     (no gloves)
SustAt .         Harm     .     p - +0 pair of boots
MR     .....                    (no amulet)
Stlth  ..........               (no ring)
                                (no ring)

@: not resistant to hostile enchantments, extremely unstealthy
A: permanent stasis, dig shafts and tunnels, four strong arms, antennae 3
a: Dig, Shaft Self


You were on level 7 of the Dungeon.
You were not hungry.

You visited 2 branches of the dungeon, and saw 8 of its levels.

You collected 215 gold pieces.


Innate Abilities, Weirdness & Mutations

You are under a permanent stasis effect.
You can dig through walls and to a lower floor.
Your four strong arms can wield two-handed weapons with a shield.
You have a pair of large antennae on your head (SInv).


   Skills:
 + Level 4.6 Fighting
 + Level 9.3 Axes
 - Level 2.0 Throwing
 - Level 5.5 Armour
 - Level 2.6 Dodging


You had 8 spell levels left.
You didn't know any spells.

Inventory:

Hand Weapons
 a - a +0 war axe (weapon)
Missiles
 c - 3 throwing nets (quivered)
 j - 33 poisoned needles
 B - 6 javelins of returning
Armour
 p - a +0 pair of boots (worn)
 y - a +0 plate armour (worn)
 A - a +1 cloak (worn)
Wands
 x - a wand of digging (9/24)
Scrolls
 e - 4 scrolls of identify {unknown}
 f - 3 scrolls of random uselessness {unknown}
 g - 3 scrolls of amnesia {unknown}
 k - 2 scrolls of remove curse
 q - 3 scrolls of teleportation {unknown}
 s - a scroll of immolation {unknown}
 t - a scroll of enchant armour {unknown}
 D - a scroll of noise {unknown}
Potions
 i - a potion of berserk rage {unknown}
 l - a potion of curing
 m - a potion of magic {unknown}
 o - a potion of agility {unknown}
 r - 2 potions of might {unknown}
 v - 3 potions of heal wounds {unknown}
 w - a potion of brilliance {unknown}
 z - 2 potions of mutation {unknown}
 E - a potion of cure mutation {unknown}
Comestibles
 b - 2 meat rations
 d - 6 bread rations
 h - 10 fruits
 n - a beef jerky
 u - a slice of pizza

Dungeon Overview and Level Annotations

Branches:
Dungeon (7/15)             Temple (1/1) D:6

Altars:
Ashenzari
Dithmenos
Elyvilon
Fedhas
Gozag
Makhleb
Okawaru
Pakellas
Sif Muna
Trog
Vehumet
Xom
Zin
The Shining One

Shops:
D:4 [

Annotations:
D:3 bl4d3's ghost, novice GrFi


Message History

You are too injured to fight recklessly!
You are too injured to fight recklessly!
You are too injured to fight recklessly!
You are too injured to fight recklessly!
You are too injured to fight recklessly!
You are too injured to fight recklessly!
You are too injured to fight recklessly!
You are too injured to fight recklessly!
You are too injured to fight recklessly!
You are too injured to fight recklessly!
You are too injured to fight recklessly!
You are too injured to fight recklessly!
You are too injured to fight recklessly!
The orc priest miscasts a cantrip.
The wyvern bites you but does no damage.
The wyvern bites you. The wyvern bites you!
The wyvern bites you but does no damage.
The wyvern bites you but does no damage.
The wyvern bites you but does no damage.
The wyvern barely misses you.
There is a stone staircase leading down here.
The wyvern bites you. x2
You climb downwards.
You hear the hiss of flowing sand.
There is an entrance to an ossuary on this level.
Hurry and find it before the portal is buried!
There is a stone staircase leading up here.
Unknown command.
Your plate armour prevents you from hitting the wyvern.
The wyvern bites you.
You closely miss the wyvern. The wyvern barely misses you. x2
You slice the wyvern!!
The wyvern is severely wounded.
The wyvern bites you.
You die...

.###########
...........
.#......l##
.......@..#
.#........#
#........#
#........#
#........#
#........#
#........#
###.####.#


You could see a wyvern.

Action                   |  1- 3 |  4- 6 |  7- 9 || total
-------------------------+-------+-------+-------++-------
Melee: War axe           |   107 |   182 |   292 ||   581
 Abil: Dig               |       |     2 |     1 ||     3
  Use: Scroll            |       |       |     1 ||     1
  Eat: Chunk             |     1 |     8 |     8 ||    17

Notes
Turn   | Place    | Note
--------------------------------------------------------------
     0 | D:1      | Duffy the Formicid Gladiator began the quest for the Orb.
     0 | D:1      | Reached XP level 1. HP: 16/16 MP: 1/1
   278 | D:1      | Reached XP level 2. HP: 9/22 MP: 2/2
   753 | D:1      | Reached skill level 4 in Axes
   753 | D:1      | Reached XP level 3. HP: 22/27 MP: 3/3
  1248 | D:2      | Found a faded altar to an unknown god.
  1260 | D:2      | Reached XP level 4. HP: 26/33 MP: 4/4
  2062 | D:3      | Reached skill level 5 in Axes
  2092 | D:3      | Noticed Terence
  2098 | D:3      | Killed Terence
  2098 | D:3      | Reached XP level 5. HP: 38/38 MP: 5/5
  2145 | D:3      | Noticed Natasha
  2151 | D:3      | Noticed bl4d3's ghost (novice GrFi)
  2159 | D:3      | Killed Natasha
  2707 | D:3      | Noticed Robin
  2708 | D:3      | Noticed Natasha
  2748 | D:3      | Noticed Jessica
  2920 | D:2      | Killed Robin
  2920 | D:2      | Reached skill level 6 in Axes
  2961 | D:2      | Killed Natasha
  2961 | D:2      | Reached XP level 6. HP: 44/44 MP: 6/6
  2974 | D:3      | Killed Jessica
  3294 | D:4      | Reached skill level 1 in Armour
  3552 | D:4      | Reached skill level 7 in Axes
  3552 | D:4      | Reached skill level 2 in Armour
  3552 | D:4      | Reached XP level 7. HP: 46/50 MP: 7/7
  3591 | D:4      | Found a burning altar of Makhleb.
  3845 | D:4      | Reached skill level 3 in Armour
  3986 | D:4      | Found Qinun's Armour Shop.
  4372 | D:5      | Entered Level 5 of the Dungeon
  4375 | D:5      | Found an iron altar of Okawaru.
  4435 | D:5      | Reached skill level 4 in Armour
  4435 | D:5      | Reached XP level 8. HP: 48/56 MP: 8/8
  4549 | D:5      | Reached skill level 8 in Axes
  4567 | D:5      | Reached skill level 5 in Armour
  5261 | D:5      | Reached skill level 3 in Fighting
  5430 | D:6      | Noticed Menkaure
  5440 | D:6      | Killed Menkaure
  5440 | D:6      | Reached skill level 9 in Axes
  5547 | D:6      | Reached XP level 9. HP: 56/63 MP: 9/9
  5585 | D:6      | Found a staircase to the Ecumenical Temple.
  5688 | Temple   | Entered the Ecumenical Temple
  5738 | D:6      | Reached skill level 4 in Fighting
  5862 | D:7      | Slain by a wyvern

Vault maps used:
D:1:      wheals_arrival_shading
D:2:      ecumenical_altar_2
D:3:      yredelemnul_forgotten_temple_becter, uniq_jessica, uniq_natasha,
          uniq_terence, uniq_robin
D:4:      makhleb_blood_cavern_becter, serial_shops, nicolae_shop_behind_doors,
          grunt_ministairs_7
D:5:      okawaru_gym_becter, first_bread, minmay_hedge_maze
D:6:      old_standard_altar, minmay_temple_entry_junction2, basic_altar,
          uniq_menkaure
D:7:      kiku_gazebo_pond_becter, enter_ossuary_1, serial_curves,
          eino_curves_01, eino_curves_03
Temple:   nicolae_temple_no_exploring_needed

Vanquished Creatures
  Menkaure
  2 ice beasts
  A phantom
  A sky beast
  A necrophage
  A centaur
  A giant frog
  2 scorpions
  A howler monkey
  A centaur zombie
  6 hounds
  A giant frog zombie
  An orc priest Jessica
  A centaur skeleton
  3 iguanas Terence
  3 worker ants
  Natasha (twice)
  Robin
  4 adders
  2 shadow imps
  2 oozes
  2 adder skeletons
  5 dart slugs
  4 giant geckos
  13 orcs
  7 giant cockroaches
  15 goblins
  10 hobgoblins
  8 jackals
  4 quokkas
  A ball python
  A ball python skeleton
  6 bats
  5 giant newts
  7 kobolds
  4 rats
132 creatures vanquished.
